[Event "Titled Tuesday Blitz May 2 Late 2023"]
[White "Karas, Marek"]
[Black "Papasimakopoulos, Alexandros"]
[WhiteFideId "14928558"]
[BlackFideId "4244125"]
[WhiteElo "2233"]
[BlackElo "2359"]
[Result "0-1"]
[Round "04"]
[TimeControl "180+2"]
[Date "2023.05.02"]
[WhiteClock "0:00:03"]
[BlackClock "0:00:46"]

1. d4 e6 2. Nf3 Nf6 3. c4 Bb4+ 4. Bd2 c5 5. Bxb4 cxb4 6. a3 bxa3 7. Rxa3 O-O 8. e3 d5 9. Nc3 dxc4 10. Bxc4 Nc6 11. O-O b6 12. Qe2 Bb7 13. Ba6 Bxa6 14. Qxa6 Nb4 15. Qb5 a5 16. Na4 Rb8 17. Rc1 Qd7 18. Qxd7 Nxd7 19. Rc7 Nf6 20. Ne5 h6 21. h3 Nbd5 22. Rc6 Rfc8 23. Rxc8+ Rxc8 24. Nc3 Nxc3 25. bxc3 Nd5 26. c4 Nb4 27. Rc3 Rc7 28. Kf1 f6 29. Nf3 Nd5 30. Rc1 b5 31. Nd2 a4 32. Ra1 bxc4 33. Rxa4 c3 34. Nb3 Rb7 35. Nc5 Rb1+ 36. Ke2 c2 37. Nd3 Nc3+ 38. Kd2 Nxa4 39. Kxc2 Rg1 40. g3 g5 41. Kd2 Rh1 42. Ke2 Rxh3 43. Ne1 Rh1 0-1


[Site "https://www.chess.com"]

[Event "Titled Tuesday Blitz May 2 Late 2023"]
[White "Adan Bermudez, Sergio"]
[Black "Sun, Rick"]
[WhiteFideId "2292726"]
[BlackFideId "30909481"]
[WhiteElo "2292"]
[BlackElo "2169"]
[Result "1/2-1/2"]
[Round "04"]
[TimeControl "180+2"]
[Date "2023.05.02"]
[WhiteClock "0:01:06"]
[BlackClock "0:00:08"]

1. c4 d6 2. Nc3 Nf6 3. g3 g6 4. Bg2 Bg7 5. e3 O-O 6. Nge2 e5 7. O-O Nfd7 8. d4 f5 9. f4 exd4 10. exd4 Nf6 11. h3 Re8 12. Kh2 Nbd7 13. Re1 c6 14. Qd3 Qe7 15. Bd2 Ne4 16. Ng1 Ndf6 17. d5 c5 18. Nf3 Bd7 19. Ng5 h6 20. Ngxe4 fxe4 21. Nxe4 Bf5 22. Nxf6+ Qxf6 23. Qb3 Qxb2 24. Qxb2 Bxb2 25. Rab1 Bxb1 26. Rxb1 Bd4 27. Bf3 b6 28. g4 Re7 29. Kg3 Rae8 30. Rf1 Kg7 31. f5 Be5+ 32. Kg2 gxf5 33. gxf5 Bf6 34. Bh5 Re2+ 35. Bxe2 Rxe2+ 36. Rf2 Re4 37. Rf4 Re2+ 38. Rf2 Re4 39. Rf4 Re2+ 40. Rf2 1/2-1/2


[Site "https://www.chess.com"]

[Event "Titled Tuesday Blitz May 2 Late 2023"]
[White "Schmakel, Sam"]
[Black "Bayo Milagro, Alvaro"]
[WhiteFideId "2039311"]
[BlackFideId "22275240"]
[WhiteElo "2356"]
[BlackElo "2270"]
[Result "1-0"]
[Round "04"]
[TimeControl "180+2"]
[Date "2023.05.02"]
[WhiteClock "0:00:09"]
[BlackClock "0:00:06"]

1. d4 Nf6 2. c4 e6 3. Nf3 d5 4. Nc3 Be7 5. Bf4 O-O 6. e3 b6 7. Bd3 Bb7 8. O-O dxc4 9. Bxc4 Nbd7 10. Rc1 Nh5 11. Be5 Nhf6 12. Bg3 Nh5 13. d5 Nxg3 14. hxg3 exd5 15. Bxd5 Bxd5 16. Qxd5 Nc5 17. Rfd1 Bf6 18. b4 Bxc3 19. Rxc3 Ne6 20. Qb3 Qe7 21. Nd4 Nxd4 22. Rxd4 Rad8 23. Rdc4 Rd7 24. Qc2 Rfd8 25. Rxc7 Rd1+ 26. Kh2 Qf6 27. R3c6 Qa1 28. g4 Qe5+ 29. g3 Qa1 30. Rc8 g6 31. Rxd8+ Rxd8 32. Rc8 Qf6 33. Rxd8+ Qxd8 34. a3 Qd5 35. e4 Qe6 36. Qe2 a5 37. bxa5 bxa5 38. a4 Qb3 39. Qb5 Qc3 40. Qb8+ Kg7 41. Qb5 Kg8 42. Kg2 Qd2 43. e5 Qc3 44. Qd5 Qb4 45. e6 fxe6 46. Qxe6+ Kg7 47. Qd7+ Kg8 48. g5 Qc3 49. Qe8+ Kg7 50. Qe7+ Kg8 51. Qd7 Qb4 52. f4 Qb2+ 53. Kh3 Qb4 54. Kg4 Qe1 55. Qd5+ Kg7 56. Qe5+ Qxe5 57. fxe5 Kf7 58. Kf4 Ke7 59. Ke3 Kd7 60. Kd4 Kc6 61. Kc4 Kd7 62. Kd5 Ke7 63. e6 Ke8 64. Kd6 Kd8 65. e7+ Ke8 66. Ke6 1-0


[Site "https://www.chess.com"]

[Event "Titled Tuesday Blitz May 2 Late 2023"]
[White "Stork, Oliver"]
[Black "Nazari, Arad"]
[WhiteFideId "12955728"]
[BlackFideId "12577324"]
[WhiteElo "2239"]
[BlackElo "2242"]
[Result "1/2-1/2"]
[Round "04"]
[TimeControl "180+2"]
[Date "2023.05.02"]
[WhiteClock "0:00:55"]
[BlackClock "0:00:47"]

1. b3 e5 2. Bb2 d6 3. c4 c5 4. Nc3 g6 5. Nd5 Bg7 6. g3 Ne7 7. Bg2 Nxd5 8. Bxd5 O-O 9. Bg2 Nc6 10. e3 Be6 11. Ne2 a6 12. O-O Qc7 13. Nc3 Rab8 14. Nd5 Bxd5 15. Bxd5 b5 16. d3 Ne7 17. Bg2 Rfd8 18. Qc2 d5 19. cxd5 Nxd5 20. a3 Rbc8 21. Rac1 Nb6 22. Rfd1 Qe7 23. Qb1 h5 24. h4 Rc7 25. Qa1 Rdc8 26. Rd2 c4 27. dxc4 bxc4 28. bxc4 Nxc4 29. Rdc2 Nxb2 30. Rxc7 Rxc7 31. Rxc7 Qxc7 32. Qxb2 e4 33. Qb3 Qc6 34. Bf1 Be5 35. Qc4 Qxc4 36. Bxc4 a5 37. a4 Kg7 38. Bb5 Bc3 39. Bc6 f5 40. Kg2 Kf6 41. Kf1 Bb4 42. Ke2 g5 43. hxg5+ Kxg5 44. Kf1 Bd6 45. Kg2 h4 46. gxh4+ Kxh4 47. Bd7 Kg5 48. Bc6 Bb4 49. Bd7 Bc3 50. Bc6 Kf6 51. Bd7 Ke5 52. Bc8 Bd2 53. Bd7 f4 54. exf4+ Kxf4 55. Bc6 e3 56. fxe3+ Bxe3 57. Bb5 Bd4 58. Kf1 Bc5 59. Kg2 Bb6 60. Kf1 Ba7 61. Kg2 Bb6 62. Kf1 Ba7 63. Kg2 Bb6 1/2-1/2


[Site "https://www.chess.com"]

[Event "Titled Tuesday Blitz May 2 Late 2023"]
[White "Martinez Ramirez, Lennis"]
[Black "Risteski, Emil"]
[WhiteFideId "3509079"]
[BlackFideId "15005267"]
[WhiteElo "2410"]
[BlackElo "2251"]
[Result "0-1"]
[Round "04"]
[TimeControl "180+2"]
[Date "2023.05.02"]
[WhiteClock "0:00:12"]
[BlackClock "0:00:15"]

1. c4 f5 2. Nc3 Nf6 3. d4 e6 4. g3 Be7 5. Bg2 O-O 6. Nh3 d6 7. O-O e5 8. Ng5 c6 9. d5 h6 10. Ne6 Bxe6 11. dxe6 Qc8 12. e4 Qxe6 13. Qb3 Nbd7 14. exf5 Qxf5 15. Qxb7 Rfc8 16. Bxc6 Rab8 17. Bxd7 Nxd7 18. Qd5+ Kh8 19. b3 Nf6 20. Qd2 h5 21. Ba3 h4 22. f3 Rd8 23. g4 Qg6 24. Rae1 Nd7 25. Qe2 Bg5 26. Rd1 Nc5 27. Bxc5 dxc5 28. Nd5 Re8 29. Qe4 Qh6 30. h3 Rf8 31. Kg2 Rbe8 32. Rde1 Bf4 33. Re2 Bg3 34. Qd3 a5 35. Re4 Rd8 36. Qe2 Rfe8 37. Qe3 Qa6 38. Qxc5 a4 39. b4 a3 40. Rc1 Qa4 41. Qe3 Rc8 42. Qd3 Red8 43. b5 Qa8 44. Qb3 Rxd5 45. cxd5 Rxc1 46. b6 Qc8 47. b7 Qc2+ 48. Qxc2 Rxc2+ 49. Kf1 Rb2 50. d6 Rxb7 51. Ra4 Rd7 52. Ra6 Kg8 53. Ke2 Kf7 54. g5 Ke6 55. Rxa3 Rxd6 56. Ra7 g6 57. Rg7 Kf5 58. Rf7+ Kxg5 59. a4 Ra6 60. f4+ Bxf4 61. Kf3 Rxa4 62. Rb7 Ra3+ 63. Ke4 Rxh3 64. Kd5 Rg3 65. Ke6 h3 66. Rh7 Kg4 67. Rh6 g5 68. Rh7 Rg2 69. Kd5 h2 70. Ke4 Rg1 71. Rxh2 Bxh2 72. Kd3 Bf4 73. Ke2 Rg2+ 74. Kf1 Ra2 75. Kg1 Kf3 76. Kf1 Ra1# 0-1


[Site "https://www.chess.com"]

[Event "Titled Tuesday Blitz May 2 Late 2023"]
[White "Iliaguev, Nisim"]
[Black "Maurizzi, Marc`Andria"]
[WhiteFideId "2817276"]
[BlackFideId "36083534"]
[WhiteElo "2241"]
[BlackElo "2421"]
[Result "0-1"]
[Round "04"]
[TimeControl "180+2"]
[Date "2023.05.02"]
[WhiteClock "0:00:10"]
[BlackClock "0:01:38"]

1. d4 Nf6 2. Nf3 d5 3. g3 e6 4. Bg2 Be7 5. O-O O-O 6. c4 dxc4 7. Ne5 Nc6 8. Nxc6 bxc6 9. Na3 Bxa3 10. bxa3 Ba6 11. a4 Rb8 12. Ba3 Re8 13. Qd2 Nd5 14. Qa5 Qc8 15. e4 Nf6 16. Bc5 Rb6 17. Bxb6 cxb6 18. Qc3 c5 19. d5 exd5 20. exd5 Qd7 21. Rad1 Qxa4 22. d6 Bc8 23. a3 h6 24. Rfe1 Be6 25. f4 Rd8 26. h3 h5 27. Kh2 Qb3 28. Qe5 Qxa3 29. f5 Bd7 30. Qf4 c3 31. g4 hxg4 32. hxg4 Qb4 33. Kg3 c2 34. Rc1 Ba4 35. Re4 Nxe4+ 36. Bxe4 Qc3+ 37. Kh4 Qf6+ 38. g5 Qxd6 39. Qxd6 Rxd6 40. Bxc2 Rd4+ 41. Kh5 Rc4 42. Rd1 Bxc2 43. Rd8+ Kh7 44. Rd7 Bxf5 0-1


[Site "https://www.chess.com"]

[Event "Titled Tuesday Blitz May 2 Late 2023"]
[White "Graif, William"]
[Black "Jaracz, Pawel"]
[WhiteFideId "2609835"]
[BlackFideId "1102222"]
[WhiteElo "2205"]
[BlackElo "2438"]
[Result "0-1"]
[Round "04"]
[TimeControl "180+2"]
[Date "2023.05.02"]
[WhiteClock "0:00:02"]
[BlackClock "0:00:07"]

1. e4 e5 2. Nf3 Nc6 3. d4 exd4 4. c3 Nf6 5. e5 Ne4 6. cxd4 d5 7. Nbd2 Bg4 8. Qa4 Qd7 9. Bb5 Be7 10. h3 Bh5 11. g4 Bg6 12. Nb3 a6 13. Be3 O-O 14. Bxc6 bxc6 15. Rc1 f5 16. exf6 Bxf6 17. Qxc6 Qe7 18. O-O Rad8 19. Qxc7 Rd7 20. Qb6 h5 21. Ne5 Bxe5 22. Qxg6 Rd6 23. Qxh5 Bf4 24. Bxf4 Rxf4 25. Rc8+ Rf8 26. Rxf8+ Qxf8 27. Nc5 Nd2 28. Rd1 Nf3+ 29. Kg2 g6 30. Ne6 Qf6 31. Qh6 Rxe6 32. Rc1 Nh4+ 33. Kg3 Qf3+ 34. Kxh4 Qxf2+ 35. Kg5 Qe3+ 36. Kh4 Qxh6+ 37. Kg3 Qxc1 0-1


[Site "https://www.chess.com"]

[Event "Titled Tuesday Blitz May 2 Late 2023"]
[White "Meunier-Pion, Jean"]
[Black "Koellner, Ruben Gideon"]
[WhiteFideId "20685327"]
[BlackFideId "12993093"]
[WhiteElo "2124"]
[BlackElo "2314"]
[Result "1-0"]
[Round "04"]
[TimeControl "180+2"]
[Date "2023.05.02"]
[WhiteClock "0:00:25"]
[BlackClock "0:00:09"]

1. e4 d6 2. d4 Nf6 3. Nc3 e5 4. Nf3 Nbd7 5. Bc4 Be7 6. O-O c6 7. a4 h6 8. Ba2 Qc7 9. h3 Nf8 10. Re1 g5 11. Qd3 Ng6 12. b4 g4 13. hxg4 Bxg4 14. dxe5 dxe5 15. b5 Rd8 16. Qe3 Nh5 17. Nh2 Bc8 18. Qf3 Nhf4 19. g3 Nh3+ 20. Kh1 Rh7 21. Be3 Ng5 22. Qh5 Kf8 23. Rad1 Rxd1 24. Rxd1 Kg7 25. f4 exf4 26. gxf4 Nxf4 27. Bxf4 Qxf4 28. Rf1 Qg3 29. Rxf7+ Nxf7 30. Qxf7+ Kh8 31. Qe8+ Kg7 32. Qg8+ Kf6 33. Qxg3 Rg7 34. e5+ Kf5 35. Qxg7 Bg5 36. Qf8+ Kxe5 37. Qxc8 Kd4 38. Qxb7 Kxc3 39. Qxc6+ Kb2 40. Qa6 Be3 41. c4 h5 42. Qe6 h4 43. Qxe3 h3 44. Qxh3 a5 45. Qd7 Ka1 46. Qa7 Kb2 47. Qxa5 Ka1 48. Qb4 Kxa2 49. Ng4 Ka1 50. Nf2 Ka2 51. Nd3 Ka1 52. Qb2# 1-0


[Site "https://www.chess.com"]

[Event "Titled Tuesday Blitz May 2 Late 2023"]
[White "Hajiyev, Kanan"]
[Black "Rosen, Eric"]
[WhiteFideId "13404148"]
[BlackFideId "2032562"]
[WhiteElo "2103"]
[BlackElo "2331"]
[Result "1-0"]
[Round "04"]
[TimeControl "180+2"]
[Date "2023.05.02"]
[WhiteClock "0:00:19"]
[BlackClock "0:00:01"]

1. d4 d5 2. c4 e6 3. cxd5 exd5 4. Nc3 Nf6 5. Bg5 c6 6. Qc2 Bd6 7. Nf3 O-O 8. e3 h6 9. Bh4 Re8 10. Bd3 Be6 11. O-O Nbd7 12. Rab1 a5 13. a3 Qb8 14. b4 Bg4 15. Bg3 b5 16. Ne2 axb4 17. axb4 Rc8 18. Rfc1 Nb6 19. h3 Bxf3 20. gxf3 Nc4 21. Bxc4 bxc4 22. e4 Bxg3 23. Nxg3 Qf4 24. e5 Nh7 25. Qc3 Ng5 26. Kg2 Ra2 27. Rb2 Rxb2 28. Qxb2 Qxf3+ 29. Kg1 Nxh3+ 30. Kh2 Nxf2 31. Rf1 Ng4+ 32. Kh3 Qd3 33. Kxg4 c3 34. Qf2 Rf8 35. Ne2 Qe4+ 36. Nf4 c2 37. Qe2 Qxd4 38. Qxc2 g5 39. Qf5 gxf4 40. Kh5 Kh8 41. Qf6+ Kh7 42. Qxh6+ Kg8 43. Qg5+ Kh7 44. Qf5+ Kg7 45. Qf6+ Kh7 46. Qh6+ Kg8 47. Rxf4 Qd1+ 48. Rg4+ Qxg4+ 49. Kxg4 Re8 50. Kf5 Re6 51. Qg5+ Kf8 52. Qd8+ Kg7 53. Qg5+ Kf8 54. Qc1 Ke8 55. Qc5 Kd7 56. Qa7+ Ke8 57. Qc7 Kf8 58. Qd8+ Kg7 59. Kf4 Kg6 60. Qg8+ Kh6 61. Kf5 Kh5 62. Qxf7+ Rg6 63. Qxg6+ Kh4 64. Qg4# 1-0


[Site "https://www.chess.com"]

[Event "Titled Tuesday Blitz May 2 Late 2023"]
[White "Nasir, Zehn"]
[Black "Remolar Gallen, Jose"]
[WhiteFideId "2613239"]
[BlackFideId "2215187"]
[WhiteElo "1993"]
[BlackElo "2223"]
[Result "1-0"]
[Round "04"]
[TimeControl "180+2"]
[Date "2023.05.02"]
[WhiteClock "0:00:29"]
[BlackClock "0:00:18"]

1. d4 g6 2. Bf4 Bg7 3. Nf3 d6 4. Nc3 Nd7 5. Qd2 e5 6. dxe5 dxe5 7. Bg5 f6 8. Be3 Ne7 9. O-O-O Nf5 10. Bc5 b6 11. Ba3 Bb7 12. Kb1 c5 13. e3 a6 14. Bc4 Qc7 15. Be6 Rd8 16. Nd5 Qc6 17. Bxf5 gxf5 18. Nh4 Nf8 19. c4 Bc8 20. Qc2 e4 21. g4 Ng6 22. Nxf5 Bxf5 23. gxf5 Ne5 24. Qxe4 b5 25. f4 1-0


[Site "https://www.chess.com"]

[Event "Titled Tuesday Blitz May 2 Late 2023"]
[White "Rengifo Blancas, Renzo Jhonathan"]
[Black "Pantev, Veselin"]
[WhiteFideId "3807185"]
[BlackFideId "2901390"]
[WhiteElo "2085"]
[BlackElo "2427"]
[Result "0-1"]
[Round "04"]
[TimeControl "180+2"]
[Date "2023.05.02"]
[WhiteClock "0:02:33"]
[BlackClock "0:02:16"]

1. e4 c6 2. d4 d5 3. Nc3 dxe4 4. Nxe4 Nf6 5. Nxf6+ exf6 6. c3 Bd6 7. Bd3 O-O 8. Ne2 Re8 9. Be3 Nd7 10. Qc2 Nf8 11. O-O-O Be6 12. Kb1 b5 13. h3 Bd5 14. Rdg1 a5 15. Nf4 Bxf4 16. Bxf4 a4 17. g4 Bxh1 18. g5 fxg5 19. Bxg5 Qd5 20. Bf6 Ng6 21. Bxg6 hxg6 22. Be5 Be4 23. c4 Bxc2+ 0-1


[Site "https://www.chess.com"]

[Event "Titled Tuesday Blitz May 2 Late 2023"]
[White "Saya, Ethan"]
[Black "Martins, Bruno Andre Leite"]
[WhiteFideId "26095181"]
[BlackFideId "1942255"]
[WhiteElo "2189"]
[BlackElo "2240"]
[Result "1-0"]
[Round "04"]
[TimeControl "180+2"]
[Date "2023.05.02"]
[WhiteClock "0:00:17"]
[BlackClock "0:00:02"]

1. e4 e6 2. d4 d5 3. exd5 exd5 4. Nf3 Nc6 5. Bb5 Bd6 6. c4 dxc4 7. d5 a6 8. Ba4 b5 9. dxc6 bxa4 10. O-O Ne7 11. Qxa4 O-O 12. Qxc4 Rb8 13. Nc3 Bf5 14. Qh4 Rb4 15. Qg5 Bf4 16. Bxf4 f6 17. Qg3 Nxc6 18. Bxc7 Qa8 19. Qd6 Rf7 20. Nd5 Rd7 21. Nxb4 Rxd6 22. Bxd6 Be4 23. Nxc6 Qxc6 24. Bg3 h5 25. Rac1 Qb5 26. Nd2 Bb7 27. Nc4 Qd5 28. f3 Qg5 29. Nd6 Bd5 30. Ne4 Bxe4 31. fxe4 Qd2 32. Rb1 Qe3+ 33. Bf2 Qxe4 34. b4 Qc6 35. Rfc1 Qa4 36. Rb2 Qa3 37. Rcc2 Kh7 38. h3 Kh6 39. b5 axb5 40. Rxb5 Qa4 41. Rb3 Kh7 42. Rbc3 g5 43. Rc7+ Kg6 44. R7c4 Qd7 45. a4 Qd1+ 46. Kh2 Qa1 47. Bb6 Qf1 48. a5 Qa1 49. Rc1 Qe5+ 50. Kh1 Qb5 51. Rc5 Qe2 52. R5c2 Qa6 53. Rc7 h4 54. Ra7 Qd3 55. Bg1 g4 56. Rac7 gxh3 57. R7c2 hxg2+ 58. Rxg2+ Kf7 59. Rcc2 h3 60. Rgf2 Qg3 61. Bh2 Qa3 62. Be5 1-0


[Site "https://www.chess.com"]

[Event "Titled Tuesday Blitz May 2 Late 2023"]
[White "Adla, Diego"]
[Black "Principe, Gerson"]
[WhiteFideId "100072"]
[BlackFideId "3804550"]
[WhiteElo "2377"]
[BlackElo "2229"]
[Result "1/2-1/2"]
[Round "04"]
[TimeControl "180+2"]
[Date "2023.05.02"]
[WhiteClock "0:00:27"]
[BlackClock "0:00:29"]

1. c4 e6 2. g3 f5 3. Bg2 Nf6 4. Nf3 b6 5. O-O Bb7 6. d3 Be7 7. Nc3 O-O 8. Re1 Bb4 9. Bd2 Qe7 10. a3 Bxc3 11. Bxc3 d6 12. b4 Nbd7 13. Qd2 Rae8 14. a4 h6 15. a5 Nh7 16. axb6 axb6 17. Ra7 Rb8 18. Rxb7 Rxb7 19. Nh4 Ra7 20. Ng6 Qg5 21. Nxf8 Qxd2 22. Bxd2 Nhxf8 23. Bc3 Kf7 24. Ra1 Rxa1+ 25. Bxa1 e5 26. e3 Nf6 27. Kf1 g6 28. h3 Ke7 29. Ke2 Ne6 30. Kd2 g5 31. Bc3 h5 32. Bc6 h4 33. gxh4 gxh4 34. Bg2 f4 35. Ke2 Kf7 36. Be1 Kg6 37. f3 fxe3 38. Kxe3 Nf4 39. Bf1 Kg5 40. d4 N6h5 41. dxe5 dxe5 42. Kf2 Ng3 43. Bd2 Nxf1 44. Kxf1 Kf5 45. c5 bxc5 46. bxc5 c6 47. Be1 Nxh3 48. Bxh4 Nf4 49. Bg3 Nd3 50. Bf2 Nxf2 51. Kxf2 e4 52. Ke3 exf3 53. Kxf3 Ke5 54. Ke3 Kd5 55. Kd3 Kxc5 56. Kc3 Kb6 57. Kb4 Kc7 58. Kc5 Kd7 59. Kc4 Kd6 60. Kd4 c5+ 61. Kc4 Kc6 62. Kc3 Kd5 63. Kd3 c4+ 64. Kc3 Kc5 65. Kc2 Kd4 66. Kd2 c3+ 67. Kc2 Kc4 68. Kc1 Kb4 69. Kc2 Kc4 70. Kc1 Kb3 71. Kb1 Ka4 72. Kc2 Kb4 73. Kc1 Kc4 74. Kc2 Kd4 75. Kc1 Ke3 76. Kc2 Kd4 77. Kc1 Kd3 78. Kd1 c2+ 79. Kc1 Kc3 1/2-1/2


[Site "https://www.chess.com"]

[Event "Titled Tuesday Blitz May 2 Late 2023"]
[White "Koc, Przemyslaw"]
[Black "Mendez Fortes, Eduardo Jesus"]
[WhiteFideId "1109081"]
[BlackFideId "3502376"]
[WhiteElo "2161"]
[BlackElo "2307"]
[Result "0-1"]
[Round "04"]
[TimeControl "180+2"]
[Date "2023.05.02"]
[WhiteClock "0:00:37"]
[BlackClock "0:00:30"]

1. Nf3 d5 2. e3 Nf6 3. d4 e6 4. Bd3 c5 5. b3 Nc6 6. O-O Bd6 7. Bb2 O-O 8. Nbd2 b6 9. Ne5 Bb7 10. Qf3 cxd4 11. Nxc6 Bxc6 12. exd4 Rc8 13. Qh3 Qd7 14. Rae1 Bb5 15. c4 Bb4 16. cxb5 Bxd2 17. Re2 Bb4 18. g4 g6 19. g5 Nh5 20. f4 Bd6 21. Qg4 Qc7 22. Ref2 Ng7 23. Rf3 f5 24. Qh4 Nh5 25. Qf2 Qd7 26. Rh3 Rc7 27. Rxh5 gxh5 28. Qh4 Qf7 29. Re1 Rfc8 30. Qf2 Bb4 31. Rf1 Bc3 32. Ba3 Qg7 33. Bb2 Bxb2 34. Qxb2 Rc3 35. Rd1 Qxd4+ 36. Kh1 Qxf4 37. Qe2 e5 38. Qxh5 Rxd3 39. Rxd3 Qf1# 0-1


[Site "https://www.chess.com"]

[Event "Titled Tuesday Blitz May 2 Late 2023"]
[White "Baskin, Robert"]
[Black "Womacka, Mathias"]
[WhiteFideId "24662402"]
[BlackFideId "4611390"]
[WhiteElo "2472"]
[BlackElo "2377"]
[Result "1-0"]
[Round "04"]
[TimeControl "180+2"]
[Date "2023.05.02"]
[WhiteClock "0:01:58"]
[BlackClock "0:01:23"]

1. d4 Nf6 2. c4 e6 3. Nf3 Bb4+ 4. Nc3 c5 5. a3 Bxc3+ 6. bxc3 O-O 7. Bg5 Qa5 8. Nd2 Qxc3 9. dxc5 Ne4 10. Rc1 Qa5 11. Be3 Nc6 12. g3 Nxc5 13. Bg2 b6 14. O-O Bb7 15. Ne4 Nxe4 16. Bxe4 Rfd8 17. c5 bxc5 18. Rxc5 Qxa3 19. Qd6 Na5 20. Bxh7+ Kxh7 21. Rh5+ Kg8 22. Qxa3 1-0


[Site "https://www.chess.com"]

[Event "Titled Tuesday Blitz May 2 Late 2023"]
[White "Msellek, Ilyass"]
[Black "Baltic, Fatih"]
[WhiteFideId "675938"]
[BlackFideId "12979090"]
[WhiteElo "2302"]
[BlackElo "2200"]
[Result "1-0"]
[Round "04"]
[TimeControl "180+2"]
[Date "2023.05.02"]
[WhiteClock "0:00:15"]
[BlackClock "0:02:12"]

1. d4 Nf6 2. Nf3 g6 3. Nc3 d5 4. Bf4 Bg7 5. Qd2 Ne4 6. Nxe4 dxe4 7. Ne5 Nd7 8. Nxd7 Qxd7 9. O-O-O Qd5 10. Kb1 Be6 11. b3 O-O-O 12. e3 c5 13. Qa5 cxd4 14. Qc7# 1-0


[Site "https://www.chess.com"]

[Event "Titled Tuesday Blitz May 2 Late 2023"]
[White "Zarubitski, Viachaslau"]
[Black "Olsson, William"]
[WhiteFideId "13509373"]
[BlackFideId "1741721"]
[WhiteElo "2284"]
[BlackElo "2197"]
[Result "1-0"]
[Round "04"]
[TimeControl "180+2"]
[Date "2023.05.02"]
[WhiteClock "0:00:14"]
[BlackClock "0:00:03"]

1. e4 c5 2. Nf3 d6 3. d4 cxd4 4. Nxd4 Nf6 5. Nc3 g6 6. Be3 Bg7 7. f3 O-O 8. Qd2 Nc6 9. O-O-O d5 10. exd5 Nxd5 11. Nxc6 bxc6 12. Bd4 e5 13. Bc5 Re8 14. Ne4 Qc7 15. h4 h6 16. h5 g5 17. g4 Be6 18. Bc4 Rad8 19. Qf2 Nf4 20. Bb3 Bxb3 21. axb3 Rd4 22. Bxd4 exd4 23. Rhe1 Rd8 24. Kb1 Rd5 25. Ng3 d3 26. Nf5 Bf6 27. cxd3 Nxd3 28. Re8+ Kh7 29. Qc2 Nb4 30. Qe2 Qa5 31. Rxd5 Qa2+ 32. Kc1 cxd5 33. Rc8 Bxb2+ 34. Kd2 Bd4+ 35. Ke1 Qb1+ 36. Qd1 Nd3+ 37. Kd2 Qb2+ 38. Kxd3 Qc3+ 39. Rxc3 1-0


[Site "https://www.chess.com"]

[Event "Titled Tuesday Blitz May 2 Late 2023"]
[White "Lee, Linden"]
[Black "Colpe, Malte"]
[WhiteFideId "30941830"]
[BlackFideId "24623075"]
[WhiteElo "1985"]
[BlackElo "2289"]
[Result "1-0"]
[Round "04"]
[TimeControl "180+2"]
[Date "2023.05.02"]
[WhiteClock "0:01:26"]
[BlackClock "0:00:18"]

1. d4 Nf6 2. c4 e6 3. Nc3 d5 4. cxd5 exd5 5. Bg5 c6 6. e3 Be7 7. Bd3 Nbd7 8. Nf3 O-O 9. O-O Ne4 10. Bxe4 Bxg5 11. Bf5 Be7 12. Rc1 g6 13. Bd3 Re8 14. a3 a5 15. Qd2 Bf8 16. Rfe1 a4 17. e4 dxe4 18. Bxe4 Nf6 19. d5 cxd5 20. Bxd5 Nxd5 21. Rxe8 Qxe8 22. Nxd5 Qd8 23. Qd4 Bg7 24. Qc5 Be6 25. Ne7+ Kh8 26. Ng5 Ra5 27. Qc8 Qxc8 28. Rxc8+ Bf8 29. Rxf8+ Kg7 30. Nxe6+ fxe6 31. Rd8 Rc5 32. g3 Kf7 33. Ng8 Rb5 34. Nh6+ Kg7 35. Ng4 Rxb2 36. Rd7+ Kf8 37. Nf6 b5 38. Nxh7+ Ke8 39. Nf6+ Kf8 40. Rb7 b4 41. Nd7+ Ke8 42. axb4 a3 43. Nf6+ Kd8 44. Ra7 a2 45. Kg2 Kc8 46. Ne4 Kb8 47. Ra4 1-0


[Site "https://www.chess.com"]

[Event "Titled Tuesday Blitz May 2 Late 2023"]
[White "Wadsworth, Matthew J"]
[Black "Gutkin, Ilya"]
[WhiteFideId "415804"]
[BlackFideId "16203470"]
[WhiteElo "2330"]
[BlackElo "2265"]
[Result "0-1"]
[Round "04"]
[TimeControl "180+2"]
[Date "2023.05.02"]
[WhiteClock "0:00:02"]
[BlackClock "0:00:22"]

1. d4 e6 2. Bf4 c5 3. c3 d5 4. e3 Bd6 5. Bg3 Nc6 6. Nd2 Qe7 7. Ngf3 Nf6 8. Bd3 e5 9. dxe5 Nxe5 10. Nxe5 Bxe5 11. Bxe5 Qxe5 12. Bb5+ Bd7 13. Bxd7+ Nxd7 14. Nf3 Qe6 15. Qb3 O-O 16. Rd1 Nb6 17. a4 Qg4 18. O-O Qxa4 19. Qxa4 Nxa4 20. Rxd5 Rfd8 21. Re5 Rd7 22. Ra1 f6 23. Rf5 b6 24. b4 Rad8 25. g4 Rd1+ 26. Rxd1 Rxd1+ 27. Kg2 Rd3 28. bxc5 Nxc5 29. g5 fxg5 30. Nxg5 h6 31. Nf3 Rxc3 32. Rd5 a5 33. Rd8+ Kh7 34. Rb8 Rb3 35. Nd4 Rb2 36. Kf3 Nd3 37. e4 Kg6 38. Ke3 Nxf2 39. e5 Ng4+ 40. Ke4 Rb4 0-1


[Site "https://www.chess.com"]

[Event "Titled Tuesday Blitz May 2 Late 2023"]
[White "Maze, Sebastien"]
[Black "Nunez V, Gustavo Eduardo"]
[WhiteFideId "613762"]
[BlackFideId "4403690"]
[WhiteElo "2462"]
[BlackElo "2228"]
[Result "1-0"]
[Round "04"]
[TimeControl "180+2"]
[Date "2023.05.02"]
[WhiteClock "0:01:20"]
[BlackClock "0:01:01"]

1. e4 c5 2. Nf3 Nc6 3. Bb5 g6 4. O-O Bg7 5. Re1 e5 6. Bxc6 dxc6 7. d3 Qc7 8. a3 Nf6 9. b4 cxb4 10. axb4 O-O 11. Bb2 Nh5 12. Nbd2 Be6 13. Ra5 f6 14. Qa1 a6 15. d4 exd4 16. Nxd4 Rad8 17. Nxe6 Qd6 18. Nxd8 Qxd2 19. Rd1 Qxc2 20. Ne6 Re8 21. Nxg7 Kxg7 22. Rxh5 gxh5 23. Bxf6+ Kg6 24. f3 c5 25. Rd6 Qc4 26. Bd4+ Re6 27. Rxe6+ Qxe6 28. Bxc5 h4 29. Qd4 h3 30. Qd6 Qxd6 31. Bxd6 hxg2 32. Kxg2 Kf6 33. f4 Ke6 34. Bc5 Kd7 35. Kf3 Kc6 36. Bf8 b6 37. f5 Kd7 38. e5 Ke8 39. Bd6 Kf7 40. Ke4 Ke8 41. Kd5 Kf7 42. e6+ Kf6 43. e7 Kxf5 44. e8=Q Kg4 45. Qe4+ Kh3 46. Qf3+ Kh4 47. Be7# 1-0


[Site "https://www.chess.com"]

[Event "Titled Tuesday Blitz May 2 Late 2023"]
[White "Seemann, Jakub"]
[Black "Topalov, Aleksandar"]
[WhiteFideId "21874697"]
[BlackFideId "925659"]
[WhiteElo "2364"]
[BlackElo "2151"]
[Result "1-0"]
[Round "04"]
[TimeControl "180+2"]
[Date "2023.05.02"]
[WhiteClock "0:01:03"]
[BlackClock "0:01:22"]

1. Nf3 Nf6 2. b4 e5 3. Nxe5 Bxb4 4. Bb2 O-O 5. e3 Re8 6. Bd3 d5 7. O-O Nbd7 8. Nxd7 Bxd7 9. h3 Bd6 10. c4 Be5 11. Bxe5 Rxe5 12. Nc3 Bc6 13. Ne2 Rg5 14. Nf4 dxc4 15. Bxc4 Nh5 16. g3 Nxg3 17. fxg3 Rxg3+ 18. Kh2 Qh4 19. Bxf7+ Kh8 20. Qh5 Rxh3+ 21. Nxh3 1-0


[Site "https://www.chess.com"]

[Event "Titled Tuesday Blitz May 2 Late 2023"]
[White "Kovacs, Klara"]
[Black "Kanakaris, Georgios"]
[WhiteFideId "733210"]
[BlackFideId "4209460"]
[WhiteElo "2179"]
[BlackElo "2291"]
[Result "0-1"]
[Round "04"]
[TimeControl "180+2"]
[Date "2023.05.02"]
[WhiteClock "0:01:33"]
[BlackClock "0:00:56"]

1. Nf3 Nf6 2. d4 g6 3. b3 Bg7 4. Bb2 O-O 5. g3 d5 6. Bg2 a5 7. O-O a4 8. c4 axb3 9. axb3 Rxa1 10. Bxa1 Nc6 11. Nc3 Nb4 12. e3 Bf5 13. Qd2 c6 14. Na4 Na6 15. Nh4 Be6 16. c5 Nc7 17. Nc3 Qd7 18. Rb1 Ra8 19. b4 Qe8 20. Bf1 Bd7 21. Nf3 Bf5 22. Ne5 Bxb1 0-1


[Site "https://www.chess.com"]

[Event "Titled Tuesday Blitz May 2 Late 2023"]
[White "Jarmula, Lukasz"]
[Black "Jarocka, Liwia"]
[WhiteFideId "1160664"]
[BlackFideId "21807558"]
[WhiteElo "2372"]
[BlackElo "2013"]
[Result "1-0"]
[Round "04"]
[TimeControl "180+2"]
[Date "2023.05.02"]
[WhiteClock "0:01:14"]
[BlackClock "0:00:28"]

1. b3 Nf6 2. Bb2 g6 3. c4 Bg7 4. g3 O-O 5. Bg2 c5 6. Nf3 Nc6 7. O-O b6 8. d4 cxd4 9. Nxd4 Bb7 10. Nc3 Rc8 11. e3 Ba8 12. Nde2 d6 13. Nf4 h5 14. h3 Ne5 15. Bxa8 Rxa8 16. Ncd5 Nxd5 17. Qxd5 Nf3+ 18. Qxf3 Bxb2 19. Rad1 Bg7 20. Qd5 Qd7 21. Nxg6 Rfe8 22. Nf4 h4 23. Qg5 f6 24. Qxh4 Rac8 25. Rd5 Rc5 26. Qh5 Rec8 27. Rfd1 a5 28. a4 Rxd5 29. Qxd5+ Kh7 30. Ne6 Bh6 31. Qf5+ Kg8 32. Qg6+ 1-0


[Site "https://www.chess.com"]